 Dungeon Crawl Stone Soup version 0.29-a0-11-ga75d3d97ab (webtiles) character file.

Game seed: 736116720302422316

5 Parzival711 the Scratcher (level 1, 0/10 HPs)
             Began as a Felid Fighter on Jan 28, 2022.
             Slain by a gnoll (5 damage)
             ... on level 1 of the Dungeon.
             The game lasted 00:00:17 (210 turns).

Parzival711 the Scratcher (Felid Fighter)            Turns: 210, Time: 00:00:18

Health: 0/10       AC:  1    Str: 12    XL:     1   Next: 66%
Magic:  2/2        EV: 18    Int:  9    God:
Gold:   10         SH:  0    Dex: 15    Spells: 0/0 levels left
                                        Lives:  0   Deaths: 0

rFire   . . .      SeeInvis +     - Unarmed
rCold   . . .      Faith    .   (shield unavailable)
rNeg    . . .      Spirit   .   (armour unavailable)
rPois   .          Reflect  .   (helmet unavailable)
rElec   .          Harm     .   (cloak unavailable)
rCorr   .          Rampage  .   (gloves unavailable)
Will    .....                   (boots unavailable)
Stlth   ++........              (no amulet)
HPRegen 0.03/turn               (no ring)
MPRegen 0.08/turn               (no ring)

@: quick
A: very small, claws 1, fangs 3, see invisible, speed 1, shaggy fur 1, stealthy
paws, no weapons or thrown items, no armour, multi-lived
a: no special abilities


You were on level 1 of the Dungeon.
You visited 1 branch of the dungeon, and saw 1 of its levels.

You collected 10 gold pieces.

Inventory:

Scrolls
 b - a scroll of amnesia {unknown}
 c - a scroll of identify {unknown}
Potions
 a - a potion of might


   Skills:
 + Level 3.0 Fighting
 + Level 4.1 Dodging
 + Level 0.8 Stealth
 + Level 4.1 Unarmed Combat


You couldn't memorise any spells.
You didn't know any spells.
Your spell library was empty.

Dungeon Overview and Level Annotations

Branches:
Dungeon (1/15)

Altars:


Innate Abilities, Weirdness & Mutations

You have sharp claws.
You have razor-sharp teeth.
You have supernaturally acute eyesight. (SInv)
You cover ground quickly. (Speed+)
You are covered in fur. (AC +1)
Your paws help you pounce on unaware monsters.
You are incapable of wielding weapons or throwing items.
You cannot wear armour.
You gain extra lives every three experience levels.


Message History

You kill the hobgoblin!
You see here a hobgoblin corpse.
You see here a hobgoblin corpse.
You now have 10 gold pieces.
You see here a hobgoblin corpse.
There is a stone staircase leading down here.
A hobgoblin comes into view.
A hobgoblin is nearby!
Found a club.
The helpless hobgoblin fails to defend itself.
You claw the hobgoblin!
You kill the hobgoblin!
You see here a +0 club.
You see here a +0 club.
You see here a hobgoblin corpse.
b - a scroll labelled ZELUGE WACAHI
Found a stone staircase leading down.
There is a stone staircase leading down here.
A kobold comes into view. It is wielding a +0 short sword.
The kobold shouts!
You see here a scroll labelled RURGHI ELEOHO.
You closely miss the kobold. The kobold closely misses you.
You scratch the kobold.
You kill the kobold!
Things that are here:
a +0 short sword; a kobold corpse
c - a scroll labelled RURGHI ELEOHO A bat comes into view.
A bat is nearby!
A gnoll comes into view. It is wielding a +0 club.
The bat barely misses you. The bat hits you.
You closely miss the bat. The bat barely misses you. The bat misses you.
You scratch the bat.
You kill the bat!
The gnoll shouts!
The gnoll hits you with a +0 club.
Ouch! That really hurt!
You closely miss the gnoll. The gnoll hits you with a +0 club.
Ouch! That really hurt!
You die...

#.# #.#
########.#####
#............#
#......).....#
#............#
#............#
###########.##
#@# #g# #.#
#.# #.# #.#
#.# #.# #.#


You could see a gnoll.

Vanquished Creatures
  A bat (D:1)
  2 hobgoblins (D:1)
  A kobold (D:1)
4 creatures vanquished.

Notes
Turn   | Place    | Note
-------+----------+-------------------------------------------
     0 | D:1      | Parzival711 the Felid Fighter began the quest for the Orb.
     0 | D:1      | Reached XP level 1. HP: 10/10 MP: 2/2
   210 | D:1      | Slain by a gnoll

Illustrated notes

Levels and vault maps discovered:
D:1:      enne_arrival_octagon_isle, layout_basic, serial_shops, shop_fountains

Action                   || total
-------------------------++-------
Melee: Unarmed           ||     9
 Stab: Sleeping          ||     1
Dodge: Dodged            ||     6

Table legend: (Time is in decaauts)
 A = Elapsed time spent in this place.
 B = Non-inter-level travel time spent in this place.
 C = Inter-level travel time spent in this place.
 D = Time resting spent in this place.
 E = Time spent auto-exploring this place.
 F = Levels seen in this place.
 G = Mean time per level.
                   A        B        C        D        E       F      G
               +--------+--------+--------+--------+--------+-----+--------+
         Total |    170 |    170 |      0 |      0 |    123 |   1 |  170.0 |
       Dungeon |    170 |    170 |      0 |      0 |    123 |   1 |  170.0 |
               +--------+--------+--------+--------+--------+-----+--------+

Top non-repeatable levels by time:
     D:1: 170 daAuts
